 Dungeon Crawl Stone Soup version 0.27-a0-1334-g2746e35aca (webtiles) character file.

Game seed: 16629102021822139739

3178 epicjoe the Cleaver (level 9, -3/81 HPs)
             Began as a Minotaur Berserker on June 20, 2021.
             Was an Elder of Trog.
             Slain by an acid dragon (9 damage)
             ... on level 8 of the Dungeon on June 27, 2021.
             The game lasted 00:47:50 (9472 turns).

epicjoe the Cleaver (Minotaur Berserker)            Turns: 9472, Time: 00:47:50

Health: -3/81      AC:  7    Str: 24    XL:     9   Next: 63%
Magic:  8/8        EV: 12    Int:  4    God:    Trog [****..]
Gold:   261        SH:  0    Dex: 11    Spells: 8/8 levels left

rFire    + . .     SeeInvis .   a - +0 hand axe
rCold    . . .     Faith    .   (no shield)
rNeg     . . .     Spirit   .   E - +0 swamp dragon scales
rPois    +         Reflect  .   (helmet restricted)
rElec    .         Harm     .   (no cloak)
rCorr    .         Rampage  .   (no gloves)
Will     ++...                  s - +0 pair of boots
Stlth    +.........             (no amulet)
HPRegen  1.23/turn              h - ring of protection from fire
MPRegen  0.11/turn              (no ring)

@: strong-willed, corroded, regenerating
A: horns 2, retaliatory headbutt
a: Renounce Religion, Berserk, Trog's Hand, Brothers in Arms


You were on level 8 of the Dungeon.
You worshipped Trog.
Trog was greatly pleased with you.
You visited 2 branches of the dungeon, and saw 9 of its levels.
You also visited: Sewer.

You collected 261 gold pieces.

Inventory:

Hand Weapons
 a - a +0 hand axe (weapon)
 o - a +0 hunting sling
 D - a +2 glaive of flaming
Missiles
 n - 106 sling bullets
 w - 3 boomerangs
 A - 26 poisoned darts (quivered)
 C - 2 curare-tipped darts
Armour
 b - a +0 animal skin
 f - a +1 chain mail
 s - a +0 pair of boots (worn)
 E - +0 swamp dragon scales (worn)
 I - +0 steam dragon scales
Jewellery
 h - a ring of protection from fire (left hand)
 x - an amulet of faith
 B - a ring of see invisible
 K - an amulet of the acrobat
Wands
 z - a wand of digging (8)
 H - a wand of paralysis (3)
 J - a wand of iceblast (7)
Scrolls
 c - a scroll of acquirement {unknown}
 g - 2 scrolls of fear
 k - a scroll of magic mapping
 l - 4 scrolls of teleportation {unknown}
 m - a scroll of enchant armour
 p - 5 scrolls of identify
 t - a scroll of immolation {unknown}
 u - a scroll of vulnerability {unknown}
 y - a scroll of enchant weapon {unknown}
 F - a scroll of blinking {unknown}
 G - a scroll of holy word {unknown}
Potions
 d - 2 potions of haste
 e - 2 potions of flight {unknown}
 i - a potion of might
 j - a potion of magic
 q - 2 potions of ambrosia
 r - 2 potions of heal wounds
 v - a potion of resistance {unknown}
 L - a potion of curing


   Skills:
 + Level 7.8 Fighting
 + Level 10.6 Axes
 + Level 0.5 Throwing
 + Level 9.7 Armour
 + Level 4.4 Dodging
 + Level 1.1 Stealth
 + Level 1.0 Evocations


You had 8 spell levels left.
You didn't know any spells.
Your spell library was empty.

Dungeon Overview and Level Annotations

Branches:
Dungeon (8/15)             Temple (1/1) D:7           Sewer (visited)
   Lair: D:8-11

Altars:
Ashenzari
Cheibriados
Dithmenos
Elyvilon
Fedhas
Gozag
Hepliaklqana
Kikubaaqudgha
Makhleb
Nemelex Xobeh
Okawaru
Qazlal
Ru
Sif Muna
Trog
Uskayaw
Vehumet
Wu Jian
Xom
Yredelemnul
Zin
The Shining One


Innate Abilities, Weirdness & Mutations

You have a pair of horns on your head.
You reflexively headbutt those who attack you in melee.


Message History

The splash of acid hits you! The acid corrodes you!
You are splashed with acid!
You hit the acid dragon but do no damage.
The acid dragon misses you.
The acid dragon claws you but does no damage.
You hit the acid dragon but do no damage.
You headbutt the acid dragon, but do no damage.
The acid dragon spits acid at you. The splash of acid hits you.
You are splashed with acid!
You hit the acid dragon but do no damage.
The acid dragon closely misses you. The acid dragon barely misses you.
You closely miss the acid dragon. Your headbutt misses the acid dragon.
You hit the acid dragon. You headbutt the acid dragon!
The acid dragon is heavily wounded.
The acid dragon bites you. The acid dragon claws you.
You hit the acid dragon.
The acid dragon is heavily wounded.
The acid dragon spits acid at you. The splash of acid misses you.
You hit the acid dragon but do no damage.
The acid dragon is heavily wounded.
The acid dragon bites you but does no damage.
The acid dragon claws you but does no damage.
You hit the acid dragon.
The acid dragon is heavily wounded.
You hit the acid dragon. Your headbutt misses the acid dragon.
The acid dragon is severely wounded.
The acid dragon spits acid at you. The splash of acid hits you!
* * * LOW HITPOINT WARNING * * *
You are splashed with acid!
* * * LOW HITPOINT WARNING * * *
Your skin crawls.
You feel strong-willed. The acid dragon bites you.
* * * LOW HITPOINT WARNING * * *
The acid dragon claws you but does no damage.
You barely miss the acid dragon.
The acid dragon is severely wounded.
The acid dragon bites you!
You die...

..........#
..........#
..........# .#
..........# ..#
......=...# ..#
..........# ..#
#.........###+#..#
#....@D...#
+.........#
#.........#
#....P....####
#...8..........
#...)..........
+....).........
###+####...<..........
#........#####........


You could see an acid dragon (catching breath).

Vanquished Creatures
  A wyvern (D:7)
  A human (D:6)
  A steam dragon (D:7)
  A naga (D:7)
  An acid dragon (D:4)
  A swamp drake (D:5)
  A black bear (D:7)
  2 orc warriors
  6 ogres
  A necrophage (D:6)
  2 centaurs (D:6)
  A phantom (D:6)
  A bullfrog (D:7)
  A wyvern zombie (D:7)
  2 scorpions
  A water moccasin zombie (D:5)
  2 water moccasin skeletons
  An oklob sapling (D:7)
  6 howler monkeys
  An electric eel (D:6)
  4 hounds
  2 centaur zombies
  A bullfrog zombie (D:5)
  A centaur skeleton (D:6)
  A gnoll shaman (D:7)
  2 iguanas
  An orc wizard (D:4)
  2 howler monkey zombies
  A howler monkey skeleton (D:6)
  4 adders
  6 gnolls
  3 river rats
  A shadow imp (D:5)
  4 worms
  6 dart slugs
  18 orcs
  5 endoplasms
  3 giant cockroaches (D:3)
  4 goblins
  6 hobgoblins
  6 jackals (D:1)
  4 quokkas
  8 ball pythons
  6 bats
  13 frilled lizards
  A jackal skeleton (D:4)
  A kobold (D:2)
  16 rats
164 creatures vanquished.

Vanquished Creatures (others)
  A gnoll (D:7)
  20 plants
21 creatures vanquished.

Grand Total: 185 creatures vanquished

Notes
Turn   | Place    | Note
-------+----------+-------------------------------------------
     0 | D:1      | epicjoe the Minotaur Berserker began the quest for the Orb.
     0 | D:1      | Reached XP level 1. HP: 19/19 MP: 0/0
   225 | D:2      | Reached XP level 2. HP: 26/27 MP: 1/1
   403 | D:1      | Reached skill level 4 in Axes
   623 | D:3      | Reached XP level 3. HP: 30/33 MP: 2/2
   770 | D:3      | Found a glowing drain.
   777 | Sewer    | Entered a sewer
   838 | Sewer    | Reached ** piety under Trog
   855 | Sewer    | Reached XP level 4. HP: 41/41 MP: 3/3
  2576 | D:3      | Found a broken altar of Ashenzari.
  2582 | D:3      | Reached skill level 5 in Axes
  2587 | D:3      | Reached *** piety under Trog
  2624 | D:3      | Reached XP level 5. HP: 47/47 MP: 4/4
  2964 | D:4      | Noticed an ogre
  2964 | D:4      | Noticed an acid dragon
  2973 | D:3      | Killed an ogre
  2974 | D:3      | Reached skill level 5 in Fighting
  2974 | D:3      | Reached XP level 6. HP: 38/56 MP: 5/5
  3078 | D:4      | Killed an acid dragon
  3079 | D:4      | Reached skill level 6 in Axes
  3086 | D:4      | Reached skill level 5 in Armour
  3659 | D:4      | Reached XP level 7. HP: 60/61 MP: 6/6
  3931 | D:4      | Upgraded the game from 0.27-a0-1312-g5cdb2b3542 to
                  | 0.27-a0-1319-geec4fb4e21
  4000 | D:5      | Entered Level 5 of the Dungeon
  4021 | D:5      | Reached skill level 7 in Axes
  5565 | D:5      | Found a snail-covered altar of Cheibriados.
  5624 | D:5      | Reached **** piety under Trog
  5625 | D:5      | Reached skill level 8 in Axes
  5678 | D:5      | Upgraded the game from 0.27-a0-1319-geec4fb4e21 to
                  | 0.27-a0-1322-gfdffb62a71
  5753 | D:5      | Reached XP level 8. HP: 34/70 MP: 7/7
  6635 | D:6      | Reached skill level 9 in Axes
  6787 | D:6      | Found a blossoming altar of Fedhas.
  6787 | D:6      | Found a shimmering altar of Xom.
  7365 | D:7      | Noticed Maggie
  7366 | D:7      | Noticed Maggie
  7366 | D:7      | Maggie changed into Maggie the naga
  7377 | D:7      | Reached XP level 9. HP: 73/79 MP: 8/8
  7377 | D:7      | Killed Maggie the naga
  7382 | D:7      | Reached skill level 1 in Stealth
  8233 | D:7      | Found a staircase to the Ecumenical Temple.
  8275 | D:7      | Reached skill level 10 in Axes
  8332 | D:7      | Reached skill level 1 in Evocations
  8506 | Temple   | Entered the Ecumenical Temple
  8941 | D:7      | Upgraded the game from 0.27-a0-1322-gfdffb62a71 to
                  | 0.27-a0-1334-g2746e35aca
  9472 | D:8      | Slain by an acid dragon

Illustrated notes

Levels and vault maps discovered:
D:1:      lightli_arrival_quake, layout_basic, minivault_11
D:2:      layout_basic
D:3:      layout_loops_ring, nicolae_overflow_crystal_walls,
          gup_sewer_entry_bubbles
D:4:      layout_basic
D:5:      layout_loops_ring, cheibriados_altar_1, minmay_misc_feat_tower
D:6:      layout_basic, gammafunk_temple_overflow_pools, minmay_misc_feat_chi,
          serial_bayou_ford_a, kennysheep_generic_room_16
D:7:      layout_basic, minmay_temple_entry_oklob, uniq_maggie
D:8:      layout_gridville, serial_undead, serial_undead_d, serial_undead_e,
          serial_undead_c, serial_undead_e, uniq_pikel
Temple:   dpeg_five_rooms_temple

Skill      XL: |  1  2  3  4  5  6  7  8  9 |
---------------+----------------------------+-----
Fighting       | 4 5 6 7 |  7.8
Axes           | 4 5 6 8 9 10 | 10.6
Armour         | 3 4 5 6 8 9 |  9.7
Dodging        | 3 4 |  4.4
Stealth        | 1 |  1.1
Evocations     | 1 |  1.0
Throwing       | |  0.5

Action                   |  1- 3 |  4- 6 |  7- 9 || total
-------------------------+-------+-------+-------++-------
Melee: Hand axe          |    80 |   150 |   285 ||   515
       Headbutt          |    19 |    33 |    70 ||   122
Throw: Dart              |       |       |     4 ||     4
Invok: Berserk           |       |       |     2 ||     2
       Trog's Hand       |       |       |     1 ||     1
Evoke: Wand              |       |       |     7 ||     7
  Use: Potion            |       |     5 |     3 ||     8
       Scroll            |       |     3 |       ||     3
Armor: Animal skin       |    14 |       |       ||    14
       Chain mail        |    24 |   110 |   103 ||   237
       Swamp dragon scal |       |       |    19 ||    19
Dodge: Dodged            |    45 |    85 |   144 ||   274

Table legend: (Time is in decaauts)
 A = Elapsed time spent in this place.
 B = Non-inter-level travel time spent in this place.
 C = Inter-level travel time spent in this place.
 D = Time resting spent in this place.
 E = Time spent auto-exploring this place.
 F = Levels seen in this place.
 G = Mean time per level.
                   A        B        C        D        E       F      G
               +--------+--------+--------+--------+--------+-----+--------+
         Total |   9566 |   5888 |   3678 |   1769 |   1027 |  10 |  956.6 |
       Dungeon |   9018 |   5528 |   3490 |   1769 |   1027 |   8 | 1127.2 |
        Temple |    196 |      8 |    188 |      0 |      0 |   1 |  196.0 |
         Sewer |    351 |    351 |      0 |      0 |      0 |   1 |  351.0 |
               +--------+--------+--------+--------+--------+-----+--------+

Top non-repeatable levels by time:
     D:7: 1870 daAuts
     D:4: 1761 daAuts
     D:3: 1323 daAuts
     D:1: 1255 daAuts
     D:6: 1169 daAuts
     D:5: 1013 daAuts
     D:2: 556 daAuts
   Sewer: 351 daAuts
  Temple: 196 daAuts
     D:8: 68 daAuts
